 Dungeon Crawl Stone Soup version 0.31-a0-200-gbc41564c69 (webtiles) character file.

Game seed: 4715790367826121672

37 qw the Shooter (level 3, -6/20 HPs)
             Began as a Deep Elf Hunter on June 25, 2023.
             Killed by divine providence
             ... invoked by an orc priest
              (13 damage)
             ... on level 3 of the Dungeon.
             The game lasted 00:00:23 (1042 turns).

qw the Shooter (Deep Elf Hunter)                    Turns: 1042, Time: 00:00:24

Health: -6/20      AC:  5    Str: 10    XL:     3   Next: 21%
Magic:  5/5        EV: 11    Int: 13    God:
Gold:   34         SH:  0    Dex: 18    Spells: 2/2 levels left

rFire   . . .        Y - +0 shortbow
rCold   . . .        (shield currently unavailable)
rNeg    . . .        g - +0 ring mail
rPois   .            (no helmet)
rElec   .            (no cloak)
rCorr   +            (no gloves)
SInv    .            (no boots)
Will    .....        (no amulet)
Stlth   +            f - ring of resist corrosion
HPRegen 0.23/turn    (no ring)
MPRegen 0.09/turn

%: no passive effects
@: no status effects
A: no striking features
a: no special abilities


You were on level 3 of the Dungeon.
You visited 1 branch of the dungeon, and saw 3 of its levels.

You collected 34 gold pieces.


   Skills:
 - Level 1.5 Fighting
 + Level 6.8 Ranged Weapons
 - Level 2.4 Dodging
 - Level 1.2 Stealth


You had 2 spell levels left.
You didn't know any spells.
Your spell library was empty.

Inventory:

Hand Weapons
 Y - a +0 shortbow (weapon)
Armour
 g - a +0 ring mail (worn)
Jewellery
 f - a ring of resist corrosion (left hand)
Potions
 b - a potion of resistance {unknown}
 e - a potion of cancellation {unknown}
 h - a potion of brilliance {unknown}

Dungeon Overview and Level Annotations

Branches:
Dungeon (3/15)

Altars:
Xom


Message History

Beogh smites you!
Ouch! That really hurt!
982 ||| STAIRDANCE You climb upwards.
There is a stone staircase leading down here.
Enter note:
Enter note:
Enter note:
Enter note:
Enter note:
Enter note: You start resting.
HP restored.
Done exploring.
(D) Dungeon
Where to? (* - list waypoints, Enter - D:3, ? - help)
What level of the Dungeon? (default 1, ? - help)
You climb downwards.
The orc hits you but does no damage. The goblin barely misses you.
There is a stone staircase leading up here.
You shoot an arrow. The arrow hits the orc.
The orc is heavily wounded.
The orc closely misses you. The goblin barely misses you. x2
You shoot an arrow. The arrow hits the orc.
The orc is severely wounded.
The orc hits you but does no damage. The goblin closely misses you.
The orc priest barely misses you.
You shoot an arrow.
The arrow hits the orc but does no damage.
The orc is severely wounded.
The orc misses you. The goblin hits you with a +0 club.
The orc priest mumbles some strange prayers to Beogh against you.
Beogh smites you!
Ouch! That really hurt!
1042 ||| STAIRDANCE The orc hits you but does no damage.
The goblin hits you but does no damage.
The orc priest invokes the aid of Beogh against you.
Beogh smites you!
Ouch! That really hurt!
You die...

##+###
#@g..#
#oo.....#
........#
.....)...#
#..........
#........##
#..#######
#..


You could see an orc priest, an orc and a goblin.

Vanquished Creatures
  An adder (D:2)
  A dart slug (D:1)
  An orc (D:3)
  2 ball pythons (D:1)
  4 endoplasms
  2 giant cockroaches
  4 goblins
  4 hobgoblins
  A bat (D:2)
  A frilled lizard (D:2)
21 creatures vanquished.

Notes
Turn   | Place    | Note
-------+----------+-------------------------------------------
     0 | D:1      | qw the Deep Elf Hunter began the quest for the Orb.
     0 | D:1      | Reached XP level 1. HP: 12/12 MP: 3/3
     0 | D:1      | 0 ||| qw: Version: 0.3-a-22-g0ed2b0b
     0 | D:1      | 0 ||| qw: Game counter: 5650
     0 | D:1      | 0 ||| qw: Melee chars always use a shield: true
     0 | D:1      | 0 ||| qw: God list: Okawaru
     0 | D:1      | 0 ||| qw: Allow faded altars: false
     0 | D:1      | 0 ||| qw: Do Orc after clearing Dungeon:15 true
     0 | D:1      | 0 ||| qw: Do second Lair branch before Depths: true
     0 | D:1      | 0 ||| qw: Lair rune preference: random
     0 | D:1      | 0 ||| qw: Goals: Normal
     0 | D:1      | 0 ||| PLANNING D:1-11
    76 | D:1      | 76 ||| FLEEEEING.
    77 | D:1      | 77 ||| FLEEEEING.
   128 | D:1      | Found a faded altar of an unknown god.
   159 | D:1      | Reached XP level 2. HP: 16/16 MP: 4/4
   160 | D:1      | Reached skill level 6 in Ranged Weapons
   457 | D:1      | 457 ||| UPGRADING to +0 ring mail.
   467 | D:1      | 467 ||| DROPPING +0 leather armour.
   468 | D:1      | 468 ||| UPGRADING to ring of resist corrosion.
   469 | D:1      | 469 ||| READING scroll labelled WEIMUSHEDWAE.
   470 | D:1      | 470 ||| READING scroll labelled VUTZUW QOUSE.
   471 | D:1      | 471 ||| DROPPING scroll of butterflies.
   539 | D:2      | Found a shimmering altar of Xom.
   651 | D:2      | Reached XP level 3. HP: 20/20 MP: 5/5
   826 | D:2      | Identified the +5 whip "Jiorunal" {antimagic, Str+3 Int+3}
   907 | D:2      | 907 ||| READING scroll labelled OGELEO VARU.
   946 | D:2      | 946 ||| READING scroll labelled UGANAR ARONIA.
   947 | D:2      | 947 ||| READING scroll labelled VOIHISS ZEZAE.
   982 | D:3      | 982 ||| STAIRDANCE
  1042 | D:3      | 1042 ||| STAIRDANCE
  1042 | D:3      | Killed from afar by an orc priest

Levels and vault maps discovered:
D:1:      zelgadis_glass_arrival_small, layout_rooms,
          ebering_ecumenical_altar_hall
D:2:      layout_rooms, basic_altar
D:3:      layout_basic, lemuel_coloured_pillars_altar, lemuel_crystal_altar,
          mainiacjoe_overflow_catwalk, gammafunk_ghost_nasty_kobolds,
          minmay_fountain_box

Skill      XL: |  1  2 |
---------------+-------+-----
Ranged Weapons | 6 |  6.8
Fighting       | |  1.5
Dodging        | |  2.4
Stealth        | |  1.2

Action                     || total
---------------------------++-------
   Fire: Shortbow          ||    67
    Use: Scroll            ||     5
 Armour: Leather armour    ||     1
         Ring mail         ||     8
  Dodge: Dodged            ||    20

Table legend:
 A = Non-vault XP
 B = Vault XP
 C = Vault XP percentage of total XP
 D = Non-vault monster count
 E = Vault monster count
 F = Vault count percentage of total count
                 A         B        C        D         E       F
            +---------+---------+-------+---------+---------+-------
      Total |      53 |       0 |   0.0 |      21 |       0 |   0.0
            +---------+---------+-------+---------+---------+-------
        D:1 |      23 |       0 |   0.0 |      11 |       0 |   0.0
        D:2 |      27 |       0 |   0.0 |       9 |       0 |   0.0
        D:3 |       3 |       0 |   0.0 |       1 |       0 |   0.0
            +---------+---------+-------+---------+---------+-------
